 Dungeon Crawl Stone Soup version 0.16.0-6-gad6103a (webtiles) character file.

494 Palladion the Conjurer (level 6, -6/41 HPs)
             Began as a Demonspawn Conjurer on Mar 16, 2015.
             Was an Initiate of Jiyva.
             Mangled by Prince Ribbit (19 damage)
             ... on level 4 of the Dungeon.
             The game lasted 00:17:26 (4301 turns).

Palladion the Conjurer (Demonspawn Conjurer)        Turns: 4301, Time: 00:17:26

Health: -6/41      AC: 11    Str:  8    XL:     6   Next: 92%
Magic:  12/15      EV: 12    Int: 18    God:    Jiyva [......]
Gold:   176        SH:  0    Dex: 14    Spells: 3 memorised, 5 levels left

rFire  . . .     SeeInvis .     n - +1 dagger (protect)
rCold  . . .     Clarity  .     a - +0 robe
rNeg   . . .     SustAb   .     (no shield)
rPois  .         Gourm    .     u - +1 hat
rElec  .         Spirit   .     (no cloak)
rCorr  .         Warding  .     h - +0 pair of gloves
rMut   .         Stasis   .     (no boots)
MR     .....                    (no amulet)
Stlth  ++........               (no ring)
                                (no ring)

@: not resistant to hostile enchantments, unstealthy
A: hooves 1, thin metallic scales 1, powered by pain 1, spiny 1
a: Renounce Religion


You were on level 4 of the Dungeon.
You worshipped Jiyva.
Jiyva was noncommittal.
You were near starving.

You visited 2 branches of the dungeon, and saw 5 of its levels.

You collected 176 gold pieces.

Inventory:

Hand weapons
 j - a +0 hunting sling
 n - a +1 dagger of protection (weapon)
Missiles
 s - 12 exploding sling bullets
 y - 17 sling bullets
Armour
 a - a +0 robe (worn)
 h - a +0 pair of gloves (worn)
 r - a +0 shield
 u - a +1 hat (worn)
Jewellery
 B - an uncursed ring of flight {unknown}
Scrolls
 e - 6 scrolls of amnesia {unknown}
 f - 6 scrolls of identify {unknown}
 g - a scroll of enchant armour {unknown}
 i - 3 scrolls of teleportation {unknown}
 m - 3 scrolls of remove curse {unknown}
 o - a scroll of immolation {unknown}
 p - a scroll of noise {unknown}
 q - 2 scrolls of enchant weapon {unknown}
 t - a scroll of magic mapping {unknown}
 A - a scroll of fear {unknown}
Potions
 k - 4 potions of curing {unknown}
 v - a potion of magic {unknown}
 w - a potion of beneficial mutation {unknown}
 x - 2 potions of agility {unknown}
 z - a potion of resistance {unknown}
Books
 c - a book of Conjurations

   Spells                             Type                      Level
   a - Magic Dart                     Conjuration                  1
   b - Searing Ray                    Conjuration                  2
   c - Dazzling Spray                 Conjuration/Hexes            3
   d - Fulminant Prism                Conjuration/Hexes            4
   e - Iskenderun's Mystic Blast      Conjuration                  4
   f - Iskenderun's Battlesphere      Conjuration/Charms           5
Comestibles
 b - 2 bread rations
 d - 3 meat rations
 l - 4 fruits


   Skills:
 - Level 1.7 Dodging
 - Level 1.7 Stealth
 + Level 4.3 Spellcasting
 + Level 6.0 Conjurations
 + Level 3.4 Hexes


You had 5 spell levels left.
You knew the following spells:

 Your Spells              Type           Power        Failure   Level  Hunger
a - Magic Dart            Conj           ####         1%          1    None
b - Dazzling Spray        Conj/Hex       ###.....     10%         3    ###....
c - Iskenderun's Mystic   Conj           ####....     14%         4    ####...


Dungeon Overview and Level Annotations

Branches:
Dungeon (4/15)             Temple (1/1) D:4

Altars:
Ashenzari
Cheibriados
Elyvilon
Fedhas
Gozag
Makhleb
Nemelex Xobeh
Okawaru
Qazlal
Ru
Sif Muna
Trog
Vehumet
Xom
Yredelemnul
Zin
The Shining One
Jiyva

Annotations:
D:1 1 runed door
D:4 Prince Ribbit


Innate Abilities, Weirdness & Mutations

You have large cloven feet.
You are partially covered in thin metallic scales (AC +2).
You sometimes gain a little power by taking damage.
You are partially covered in sharp spines.


Message History

The spray of energy hits Prince Ribbit.
Prince Ribbit is heavily wounded.
Prince Ribbit is dazzled.
You completely miss Prince Ribbit.
Prince Ribbit is heavily wounded.
Prince Ribbit is struck by your spines. Prince Ribbit barely misses you.
You hit Prince Ribbit.
Prince Ribbit is severely wounded.
Prince Ribbit misses you. Prince Ribbit hits you!
You closely miss Prince Ribbit.
Prince Ribbit is severely wounded.
Prince Ribbit catches a millipede with his tongue.
Prince Ribbit mumbles some strange words.
Prince Ribbit looks slightly unstable.
Prince Ribbit momentarily phases out as your attack passes through him.
Prince Ribbit is severely wounded.
Prince Ribbit croaks.
Prince Ribbit is no longer blind.
Prince Ribbit barely misses you. Prince Ribbit hits you!!
You die...

#.# #.# .
#.... #.# #.#
.# #.### #.#
#># .# #.#
#.# #.. .#
#.# #.# ###
J# #.### #.#
.# #.... #.#
.# #####
#.#########.#
#.........@.#
###########F#
.# .# .# .#
.# .# .


You could see Prince Ribbit and a neutral jelly (fellow slime).

Vanquished Creatures
  2 scorpions (D:4)
  An orc priest (D:3)
  A hound (D:4)
  A jelly (D:4)
  3 orc wizards (D:3)
  Ijyb (D:3)
  A gnoll (D:2)
  11 adders
  A giant mite (D:2)
  4 worms
  A giant gecko (D:3)
  4 oozes
  13 orcs
  A ball python (D:2)
  5 bats
  3 giant cockroaches (D:2)
  9 hobgoblins
  11 jackals
  A quokka (D:2)
  2 giant newts
  13 goblins
  8 kobolds
  6 rats
103 creatures vanquished.

Vanquished Creatures (others)
  4 jellies (D:4)
  A giant cockroach (D:4)
  A hobgoblin (D:4)
6 creatures vanquished.

Grand Total: 109 creatures vanquished

Notes
Turn   | Place    | Note
--------------------------------------------------------------
     0 | D:1      | Palladion, the Demonspawn Conjurer, began the quest for the Orb.
     0 | D:1      | Reached XP level 1. HP: 13/13 MP: 3/3
     1 | D:1      | Found a runed door.
     8 | D:1      | Noticed a jelly
   581 | D:2      | Gained mutation: You sometimes gain a little power by taking damage. [demonic ancestry]
   581 | D:2      | Reached XP level 2. HP: 16/19 MP: 4/4
   850 | D:2      | Gained mutation: You are partially covered in sharp spines. [demonic ancestry]
   850 | D:2      | Reached XP level 3. HP: 10/24 MP: 6/6
  1300 | D:1      | Learned a level 3 spell: Dazzling Spray
  1733 | D:3      | Gained mutation: You have large cloven feet. [demonic ancestry]
  1733 | D:3      | Reached XP level 4. HP: 23/30 MP: 0/9
  1809 | D:3      | Reached skill level 1 in Hexes
  1863 | D:3      | Reached skill level 5 in Conjurations
  2114 | D:3      | Gained mutation: You are partially covered in thin metallic scales (AC +2). [demonic ancestry]
  2114 | D:3      | Reached XP level 5. HP: 24/35 MP: 11/11
  2143 | D:3      | Found a glowing golden altar of the Shining One.
  2715 | D:2      | Reached XP level 6. HP: 26/41 MP: 2/13
  3230 | D:3      | Noticed Ijyb
  3245 | D:3      | Killed Ijyb
  3570 | D:4      | Found a viscous altar of Jiyva.
  3647 | D:4      | Reached skill level 6 in Conjurations
  3653 | D:4      | Learned a level 4 spell: Iskenderun's Mystic Blast
  3758 | D:4      | Found a deep blue altar of Sif Muna.
  3758 | D:4      | Found a burning altar of Makhleb.
  3759 | D:4      | Found an iron altar of Okawaru.
  3766 | D:4      | Found a glowing silver altar of Zin.
  3848 | D:4      | Found a staircase to the Ecumenical Temple.
  3852 | Temple   | Entered the Ecumenical Temple
  3982 | D:4      | Became a worshipper of Jiyva Jeffypygh the Shapeless
  4289 | D:4      | Noticed Prince Ribbit
  4301 | D:4      | Mangled by Prince Ribbit

Action                   |  1- 3 |  4- 6 || total
-------------------------+-------+-------++-------
Melee: Unarmed           |    17 |       ||    17
       Whip              |    33 |       ||    33
       Dagger            |    57 |   135 ||   192
 Cast: Magic Dart        |    43 |   131 ||   174
       Dazzling Spray    |     3 |     4 ||     7
 Stab: Distracted        |     1 |       ||     1
       Sleeping          |     1 |       ||     1
       Invisible         |       |     1 ||     1
  Eat: Chunk             |     3 |     7 ||    10
